 Dungeon Crawl Stone Soup version 0.27-a0-122-g58b3cc3132 (webtiles) character file.

Game seed: 16648027745331956717

60 GordonOverkill the Sneak (level 3, 0/16 HPs)
             Began as a Felid Transmuter on Jan 25, 2021.
             Succumbed to an adder's poison
             ... on level 2 of the Dungeon.
             The game lasted 00:11:11 (2452 turns).

GordonOverkill the Sneak (Felid Transmuter)         Turns: 2452, Time: 00:11:12

Health: 0/16       AC:  1    Str:  6    XL:     3   Next: 82%
Magic:  6/7        EV: 18    Int: 15    God:
Gold:   61         SH:  0    Dex: 16    Spells: 5/6 levels left
                                        Lives:  0   Deaths: 0

rFire    . . .     SeeInvis +     - Unarmed
rCold    . . .     Faith    .   (shield unavailable)
rNeg     . . .     Spirit   .   (armour unavailable)
rPois    .         Reflect  .   (helmet unavailable)
rElec    .         Harm     .   (cloak unavailable)
rCorr    .         Rampage  .   (gloves unavailable)
Will     .....                  (boots unavailable)
Stlth    +++.......             (no amulet)
HPRegen  0.05/turn              (no ring)
MPRegen  0.10/turn              (no ring)

@: brilliant, lethally poisoned (0 -> -11), appendages, quick
A: very small, no armour, no weapons or thrown items, stealth, claws 1, fangs 3,
horns 2, see invisible, speed 1, shaggy fur 1, sharp paws
a: End Transformation


You were on level 2 of the Dungeon.
You had grown temporary horns.
You visited 1 branch of the dungeon, and saw 2 of its levels.

You collected 61 gold pieces.

Inventory:

Scrolls
 b - a scroll of amnesia
 c - a scroll of immolation


   Skills:
 + Level 2.0 Fighting
 - Level 2.6 Dodging
 + Level 3.6 Stealth
 + Level 3.4 Unarmed Combat
 - Level 2.0 Spellcasting
 - Level 2.1 Transmutations


You had 5 spell levels left.
You knew the following spells:

 Your Spells              Type           Power        Failure   Level
a - Beastly Appendage     Tmut           24%          9%          1

Your spell library contained the following spells:

 Spells                   Type           Power        Failure   Level
 Wereblood                Tmut           12%          14%         2
 Spider Form              Tmut/Pois      3%           38%         3
 Ice Form                 Ice/Tmut       7%           80%         4
 Blade Hands              Tmut           6%           94%         5


Dungeon Overview and Level Annotations

Branches:
Dungeon (2/15)

Altars:

Annotations:
D:1 exclusion: kobold


Innate Abilities, Weirdness & Mutations

You cannot wear armour.
You are incapable of wielding weapons or throwing items.
Your paws allow you to move quietly. (Stealth)
You have sharp claws.
You have razor-sharp teeth.
You have supernaturally acute eyesight. (SInv)
You cover ground quickly.
You are covered in fur. (AC +1)
Your sharp claws are effective at attacking unaware monsters.
You have a pair of horns on your head.


Message History

The adder is lightly wounded.
The adder barely misses you.
You scratch the adder. Your headbutt misses the adder.
The adder is moderately wounded.
The adder bites you but does no damage.
You scratch the adder.
The adder is almost dead.
* * * LOW HITPOINT WARNING * * *
You feel sick. The adder completely misses you. The adder barely misses you.
You barely miss the adder.
The adder is almost dead.
The adder bites you.
* * * LOW HITPOINT WARNING * * *
You are more poisoned.
The adder poisons you!
Casting: Beastly Appendage (safe; 9% risk of failure)
Confirm with . or Enter, or press ? or * to list all spells.
You feel a surge of power!
You extend your transformation's duration.
You die...

##.######.....##
..[.............
....##.#.......
####.# #.#.######
..##.# #.#.#
#######.##.####w#..
...........)....###
#....#.####..####
#...@#..###.....#
#..S#..†......#.#
#...#.#..##....)#
#...#.##.....#..#
#...#..........(#
...#####.....#.##
#### ###...#.#.##
########.......#..#
#......#.#..#.....#


You could see an adder.

Vanquished Creatures
  An adder (D:2)
  2 worms (D:2)
  2 dart slugs
  6 bats (D:1)
  3 giant cockroaches
  4 goblins (D:1)
  4 hobgoblins
  3 jackals (D:1)
  5 kobolds
  7 frilled lizards
  5 rats (D:1)
42 creatures vanquished.

Notes
Turn   | Place    | Note
-------+----------+-------------------------------------------
     0 | D:1      | GordonOverkill the Felid Transmuter began the quest for the
                  | Orb.
     0 | D:1      | Reached XP level 1. HP: 9/9 MP: 4/4
    64 | D:1      | Reached skill level 1 in Stealth
   589 | D:1      | Reached XP level 2. HP: 9/12 MP: 4/6
  1373 | D:1      | Reached XP level 3. HP: 11/15 MP: 5/7
  2452 | D:2      | Succumbed to an adder's poison

Illustrated notes

Levels and vault maps discovered:
D:1:      matt_arrival_spirals, layout_rooms
D:2:      layout_basic, nemelex_altar_shiori

Skill      XL: |  1  2  3 |
---------------+----------+-----
Stealth        | 2 3 |  3.6
Fighting       | 2 |  2.0
Dodging        | |  2.6
Unarmed Combat | |  3.4
Spellcasting   | |  2.0
Transmutations | |  2.1

Action                   || total
-------------------------++-------
Melee: Unarmed           ||   130
       Headbutt          ||    19
       Bite              ||    15
       Punch             ||     2
 Cast: Beastly Appendage ||    32
  Use: Scroll            ||     2
       Potion            ||     2
 Stab: Sleeping          ||     3
Armor: Skin              ||    12
Dodge: Dodged            ||    93

Table legend: (Time is in decaauts)
 A = Elapsed time spent in this place.
 B = Non-inter-level travel time spent in this place.
 C = Inter-level travel time spent in this place.
 D = Time resting spent in this place.
 E = Time spent auto-exploring this place.
 F = Levels seen in this place.
 G = Mean time per level.
                   A        B        C        D        E       F      G
               +--------+--------+--------+--------+--------+-----+--------+
         Total |   2251 |   2232 |     19 |   1218 |     84 |   2 | 1125.5 |
       Dungeon |   2251 |   2232 |     19 |   1218 |     84 |   2 | 1125.5 |
               +--------+--------+--------+--------+--------+-----+--------+

Top non-repeatable levels by time:
     D:1: 1652 daAuts
     D:2: 599 daAuts
